 Dungeon Crawl Stone Soup version 0.23.1-37-gaa34b87b72 (webtiles) character file.

Game seed: 14506727501285510275

2228 GGGomer the Slinger (level 9, -4/62 HPs)
             Began as a Halfling Hunter on Mar 24, 2019.
             Slain by a killer bee (9 damage)
             ... on level 7 of the Dungeon.
             The game lasted 00:29:30 (8235 turns).

GGGomer the Slinger (Halfling Hunter)               Turns: 8235, Time: 00:29:30

Health: -4/62      AC:  6    Str: 13    XL:     9   Next: 62%
Magic:  9/9        EV: 16    Int:  9    God:
Gold:   385        SH:  0    Dex: 18    Spells: 8/8 levels left

rFire    . . .     SeeInvis .   a - +2 hunting sling
rCold    . . .     Gourm    .   (shield restricted)
rNeg     + . .     Faith    .   I - +0 leather armour
rPois    .         Spirit   .   (no helmet)
rElec    .         Reflect  .   G - +1 cloak
rCorr    .         Harm     .   L - +0 pair of gloves
MR       .....                  (no boots)
Stlth    ++........             r - amulet of rage
HPRegen  0.20/turn              v - ring of positive energy
MPRegen  0.11/turn              (no ring)

@: lethally poisoned (-4 -> -15), about to teleport
A: small, mutation resistance 1
a: Evoke Berserk Rage


You were on level 7 of the Dungeon.
You were not hungry.

You visited 2 branches of the dungeon, and saw 8 of its levels.
You also visited: Ossuary.

You collected 385 gold pieces.

Inventory:

Hand Weapons
 a - a +2 hunting sling (weapon)
 f - a +2 dagger of venom
 A - a +0 blowgun
Missiles
 i - 145 stones (quivered)
 u - 143 arrows
 B - 10 poisoned needles
 C - 17 bolts
Armour
 G - a +1 cloak (worn)
 I - a +0 leather armour (worn)
 L - a +0 pair of gloves (worn)
Jewellery
 r - an amulet of rage (around neck)
 v - a ring of positive energy (left hand)
 M - an uncursed amulet of harm {unknown}
Wands
 E - a wand of enslavement (7)
Scrolls
 b - 3 scrolls of amnesia
 d - 2 scrolls of remove curse
 m - 3 scrolls of identify
 n - a scroll of fear
 p - 4 scrolls of teleportation
 w - 4 scrolls of random uselessness
 y - 2 scrolls of blinking {unknown}
 H - a scroll of immolation {unknown}
 J - a scroll of enchant armour {unknown}
 K - 2 scrolls of noise {unknown}
Potions
 c - a potion of berserk rage {unknown}
 e - a potion of might {unknown}
 g - 4 potions of heal wounds
 h - 2 potions of brilliance
 j - 2 potions of ambrosia {unknown}
 k - a potion of mutation
 l - 2 potions of invisibility
 o - a potion of agility
 q - 3 potions of haste
 s - 2 potions of degeneration {unknown}
 t - 6 potions of flight
 z - 5 potions of curing {unknown}
 D - a potion of magic {unknown}
 F - 5 potions of lignification {unknown}
Comestibles
 x - 5 rations


   Skills:
 + Level 6.3 Fighting
 + Level 13.3 Slings
 + Level 1.4(6.3) Throwing
 + Level 3.6 Armour
 + Level 3.2 Dodging
 + Level 2.4 Stealth


You had 8 spell levels left.
You didn't know any spells.
Your spell library contained the following spells:

 Spells                   Type           Power        Failure   Level  Hunger
 Sandblast                Erth           #.....       45%         1    ##.....
 Passwall                 Tmut/Erth      #.......     58%         2    ###....
 Stone Arrow              Conj/Erth      #.....       83%         3    ####...
 Petrify                  Tmut/Erth      #.......     99%         4    #####..
 Lee's Rapid Deconstruct  Erth           #.........   100%        5    ######.


Dungeon Overview and Level Annotations

Branches:
Dungeon (7/15)             Temple (1/1) D:4

Altars:
Ashenzari
Cheibriados
Elyvilon
Fedhas
Gozag
Hepliaklqana
Kikubaaqudgha
Makhleb
Qazlal
Ru
Sif Muna
Trog
Uskayaw
Vehumet
Wu Jian
Xom
Yredelemnul
Zin
The Shining One

Shops:
D:5 (   D:6 ([!*


Innate Abilities, Weirdness & Mutations

You are small and have problems with some larger weapons.
You are somewhat resistant to further mutation.


Message History

Aim: a killer bee You shoot a stone.
The stone hits the killer bee.
The killer bee is lightly wounded.
You feel sick. The killer bee stings you.
* * * LOW HITPOINT WARNING * * *
You are lethally poisoned!
The killer bee poisons you!
The killer bee stings you but does no damage.
Okay, then.
As you read the scroll of teleportation, it crumbles to dust.
You feel strangely unstable.
* * * LOW HITPOINT WARNING * * *
You feel sick. The killer bee closely misses you. x2
The killer bee misses you. x2
* * * LOW HITPOINT WARNING * * *
You feel sick. The killer bee stings you.
* * * LOW HITPOINT WARNING * * *
* * * LOW HITPOINT WARNING * * *
You feel sick. The killer bee stings you!
You die...

######...#.#.##########..
...........).# #..
######...#.############..
##........).........
#########...[)†.#######.
/...O((y#######(# #. #y# #.#
#. #y# #.# #) #@# #.# #. #.#
#.# #) #.# ###.#######)
#####.#####...........
#########.............########
####.≈≈8≈≈.............###
....).≈)≈....###.#######
###..........# #<#
#.##.####..# #.#


You could see 3 killer bees.

Vanquished Creatures
  An ice beast (D:6)
  4 ogres
  A phantom (D:4)
  A centaur (D:5)
  2 bullfrogs
  2 scorpions
  A water moccasin skeleton (D:7)
  3 killer bees (D:7)
  A howler monkey (D:6)
  5 crimson imps
  2 centaur zombies
  7 orc wizards
  2 hounds (D:7)
  A human zombie (Ossuary)
  3 orc priests
  A gnoll shaman (D:6)
  An iron imp (D:5)
  Ijyb (D:3)
  An iguana (D:4)
  5 worker ants
  A big kobold zombie (Ossuary)
  A hound skeleton (D:4)
  4 mummies
  A howler monkey skeleton (D:7)
  4 gnolls (D:6)
  10 adders
  A shadow imp (D:5)
  4 worms
  3 leopard geckos
  24 orcs
  2 ball pythons
  8 bats
  11 giant cockroaches
  3 gnoll zombies (Ossuary)
  6 goblins
  7 hobgoblins
  12 jackals
  5 kobolds
  3 quokkas
  6 frilled lizards
  2 goblin zombies (Ossuary)
  2 rats
165 creatures vanquished.

Notes
Turn   | Place    | Note
-------+----------+-------------------------------------------
     0 | D:1      | GGGomer the Halfling Hunter began the quest for the Orb.
     0 | D:1      | Reached XP level 1. HP: 14/14 MP: 1/1
    24 | D:1      | Reached skill level 6 in Slings
    48 | D:1      | Reached XP level 2. HP: 19/19 MP: 2/2
   998 | D:2      | Reached XP level 3. HP: 24/24 MP: 3/3
  1037 | D:2      | Found an ornate altar of the Wu Jian Council.
  1116 | D:2      | Found an opulent altar of Gozag.
  1207 | D:2      | Reached skill level 7 in Slings
  1467 | D:2      | Found a hazy altar of Hepliaklqana.
  1565 | D:2      | Reached XP level 4. HP: 30/30 MP: 4/4
  2270 | D:3      | Noticed Ijyb
  2332 | D:3      | Killed Ijyb
  2332 | D:3      | Reached skill level 8 in Slings
  2332 | D:3      | Reached XP level 5. HP: 32/35 MP: 5/5
  2591 | D:3      | Reached skill level 1 in Armour
  2596 | D:3      | Reached XP level 6. HP: 41/41 MP: 6/6
  2622 | D:3      | Reached skill level 9 in Slings
  3227 | D:4      | Noticed an ogre
  3236 | D:4      | Killed an ogre
  3236 | D:4      | Reached skill level 10 in Slings
  3242 | D:4      | Reached XP level 7. HP: 45/45 MP: 7/7
  3554 | D:4      | Found a staircase to the Ecumenical Temple.
  3567 | D:4      | Reached skill level 11 in Slings
  3900 | D:4      | Found a blossoming altar of Fedhas.
  4159 | D:5      | Entered Level 5 of the Dungeon
  4224 | D:5      | Reached skill level 1 in Throwing
  4236 | D:5      | Found a snail-covered altar of Cheibriados.
  4255 | D:5      | Reached XP level 8. HP: 52/52 MP: 8/8
  4355 | D:5      | Found a snail-covered altar of Cheibriados.
  4763 | D:5      | Found Toasuvis's Antique Weapon Shop.
  4789 | D:5      | Found a glowing silver altar of Zin.
  4955 | D:5      | You fall through a shaft!
  5009 | D:6      | Found Luho Yfacepn's Distillery.
  5043 | D:6      | Found Liwat's Antique Armour Shoppe.
  5075 | D:6      | Found Vonkiu's Antique Weapon Shop.
  5156 | D:6      | Found a sand-covered staircase.
  5179 | Ossuary  | Entered an ossuary
  5197 | Ossuary  | Reached skill level 12 in Slings
  5677 | D:6      | Reached skill level 5 in Fighting
  5920 | D:6      | Reached XP level 9. HP: 61/61 MP: 9/9
  6183 | D:6      | Found Otallor's General Store.
  6790 | Temple   | Entered the Ecumenical Temple
  7774 | D:7      | Reached skill level 13 in Slings
  8235 | D:7      | Slain by a killer bee

Skill      XL: |  1  2  3  4  5  6  7  8  9 |
---------------+----------------------------+-----
Slings         | 6 7 8 10 11 12 13 | 13.3
Fighting       | 2 3 5 6 |  6.3
Armour         | 1 2 3 |  3.6
Throwing       | 1 |  1.4
Dodging        | 3 |  3.2
Stealth        | 2 |  2.4

Action                   |  1- 3 |  4- 6 |  7- 9 || total
-------------------------+-------+-------+-------++-------
 Fire: Hunting sling     |    70 |   154 |   540 ||   764
       Blowgun           |       |       |     6 ||     6
  Use: Scroll            |       |    12 |     4 ||    16
  Eat: Chunk             |     2 |       |     1 ||     3
       Ration            |       |     3 |     4 ||     7
Armor: Leather armour    |     2 |     7 |    32 ||    41
Dodge: Dodged            |    10 |    13 |    94 ||   117
